Map: Central Protocol

Players

DeMusliM - Winner!

  • Race: Terran Terran

Stressling

  • Race: Zerg Zerg

VOD

Have the link to the VOD?

Description

Time

  • Played on: Nov. 9, 2015, 7:51 p.m.
  • Length: 8:28
Show
View Real Time Build Order
Export as new Build Order

DeMusliM Terran - Winner!

Build Orders: Command Center First (CC), Hellion Banshee, MMM Bio 

Get SALT Encoding   

  12  0:00  SCV  
  13  0:13  SCV  
  14  0:21  Supply Depot  
  14  0:25  SCV  
  15  0:43  SCV  
  16  0:56  Command Center  
  16  1:00  SCV  
  17  1:12  SCV  
  17  1:16  Barracks  
  18  1:21  Refinery  
  18  1:24  SCV  
  19  1:29  Refinery  
  19  1:38  SCV  
  20  1:50  SCV  
  21  2:02  SCV  
  21  2:04  Marine  
  21  2:08  Orbital Command  
  23  2:11  Factory  
  23  2:19  Orbital Command  
  23  2:23  Barracks Reactor  
  23  2:34  SCV  
  24  2:42  Supply Depot  
  24  2:46  SCV  
  24  2:47  SCV  
  26  2:56  Starport  
  26  2:58  SCV  
  27  3:00  SCV  
  27  3:10  SCV  
  27  3:12  SCV  
  29  3:15  Hellion x2  
  33  3:22  SCV  
  33  3:23  Barracks Tech Lab  
  33  3:24  SCV  
  33  3:25  Supply Depot  
  35  3:34  SCV  
  35  3:36  SCV  
  35  3:39  Hellion x2  
  41  3:46  SCV  
  41  3:48  SCV  
  43  3:50  Banshee  
  46  3:59  Supply Depot  
  46  4:00  Hellion x2  
  46  4:01  SCV x2  
  52  4:13  SCV, Supply Depot  
  53  4:21  Command Center  
  53  4:25  Hellion x2  
  53  4:28  SCV x2  
  59  4:36  Supply Depot  
  59  4:42  Supply Depot, SCV x2  
  61  4:47  Marauder  
  61  4:50  Starport Reactor  
  63  4:55  SCV x2, Factory Reactor  
  63  4:59  Engineering Bay, Barracks  
  65  5:00  Engineering Bay  
  65  5:09  Supply Depot, Refinery, SCV, Marauder  
  61  5:23  Barracks  
  61  5:24  Barracks  
  61  5:27  SCV x2  
  59  5:28  Barracks  
  59  5:34  Marauder  
  59  5:35  Terran Infantry Weapons Level 1  
  59  5:36  Terran Infantry Armor Level 1  
  59  5:39  SCV x2  
  59  5:44  Orbital Command  
  56  5:51  SCV x2  
  56  5:56  Barracks Tech Lab  
  54  5:59  Medivac x2  
  54  6:03  SCV  
  59  6:05  Refinery, Barracks  
  59  6:08  SCV  
  59  6:09  Marine  
  59  6:10  Marine  
  62  6:12  Barracks Tech Lab x2  
  62  6:15  Armory, SCV  
  62  6:16  Barracks Reactor  
  63  6:20  SCV  
  64  6:26  Stimpack, Orbital Command  
  64  6:29  Factory Reactor  
  64  6:36  Marauder x2, Marine x2  
  64  6:37  Medivac, Marauder  
  64  6:38  Medivac  
  76  6:43  SCV x2  
  78  6:53  SCV  
  79  6:55  Supply Depot, SCV x2  
  79  6:56  Supply Depot, Marine  
  79  6:57  Marine  
  79  6:58  Marauder  
  79  6:59  Combat Shields  
  79  7:00  Concussive Shells  
  85  7:02  Marine  
  85  7:05  SCV  
  85  7:06  Refinery  
  85  7:07  SCV  
  88  7:09  Refinery  
  88  7:11  Marine x2  
  88  7:12  Marauder  
  88  7:15  Marine  
  94  7:16  Marauder  
  94  7:17  Marine  
  94  7:18  Marine  
  94  7:19  Marauder, Medivac  
  101  7:23  Marine  
  101  7:29  Marine x2  
  104  7:33  Marauder, Marine  
  109  7:37  Supply Depot, Marauder  
  109  7:38  Marine  
  109  7:40  Marauder  
  109  7:44  Barracks, Marine  
  111  7:45  Barracks, Marine  
  111  7:47  Marine  
  111  7:48  Marine  
  111  7:49  Medivac  
  117  7:53  SCV  
  117  7:54  SCV, Marauder  
  117  7:57  Marine  
  123  7:58  Marauder  
  123  8:02  Marauder  
  123  8:04  Supply Depot  
Show
View Real Time Build Order
Export as new Build Order

Stressling Zerg 

Build Orders: Pool First 

Get SALT Encoding   

  12  0:01  Drone  
  13  0:09  Drone  
  14  0:16  Overlord  
  14  0:23  Extractor  
  14  0:25  Extractor  
  14  0:26  Drone  
  13  0:30  Drone  
  16  0:44  Spawning Pool  
  16  0:47  Drone  
  16  1:11  Hatchery  
  16  1:13  Drone  
  16  1:17  Extractor  
  15  1:18  Drone  
  16  1:31  Queen  
  18  1:35  Zergling x2  
  19  1:44  Drone x2  
  21  1:49  Overlord  
  21  1:57  Drone  
  22  2:13  Roach Warren  
  22  2:14  Drone  
  22  2:15  Extractor  
  21  2:25  Drone  
  21  2:26  Drone  
  23  2:30  Queen  
  23  2:36  Metabolic Boost  
  25  2:41  Drone  
  26  2:48  Drone  
  26  2:50  Drone  
  28  2:53  Drone  
  28  3:18  Drone x7  
  35  3:22  Overlord  
  35  3:32  Lair  
  35  3:37  Overlord  
  35  3:42  Roach  
  37  3:50  Roach  
  37  3:51  Roach x2  
  45  3:55  Roach  
  45  3:59  Roach  
  47  4:04  Overlord  
  47  4:05  Overlord  
  47  4:23  Roach  
  47  4:24  Roach x4  
  57  4:31  Roach  
  59  4:33  Overlord x2  
  59  4:37  Glial Reconstitution  
  59  4:49  Overlord x2  
  59  5:04  Spore Crawler  
  59  5:06  Spore Crawler  
  57  5:09  Spore Crawler  
  57  5:11  Hydralisk Den  
  55  5:15  Spore Crawler  
  45  5:30  Roach x7  
  40  5:57  Hydralisk  
  40  5:58  Hydralisk x2  
  40  6:03  Overseer  
  42  6:13  Hydralisk  
  42  6:17  Ravager  
  45  6:26  Drone  
  46  6:36  Pneumatized Carapace  
  46  6:45  Drone  
  47  6:55  Drone x2  
  47  7:00  Drone  
  50  7:11  Ravager x2  
  52  7:46  Zergling x20  
Tags
 
Add a new tag
Caveats
  • Supply blocks, unpowered buildings, or Contaminate may cause inaccurate times.
  • Supply counts are checked every 10 seconds.